 Dungeon Crawl Stone Soup version 0.25-a0-10-g2fe12d4386 (webtiles) character file.

Game seed: 8514882563651840614, levelgen mode: deterministic

631 Mattoad the Basher (level 7, -3/58 HPs)
             Began as a Minotaur Berserker on Oct 15, 2019.
             Was a Priest of Trog.
             Shot with an arrow by a centaur (7 damage)
             ... on level 5 of the Dungeon.
             The game lasted 00:18:02 (4195 turns).

Mattoad the Basher (Minotaur Berserker)             Turns: 4195, Time: 00:18:03

Health: -3/58      AC:  4    Str: 23    XL:     7   Next: 24%
Magic:  6/6        EV: 12    Int:  4    God:    Trog [***...]
Gold:   310        SH:  0    Dex: 10    Spells: 6/6 levels left

rFire    . . .     SeeInvis .   a - +0 mace
rCold    . . .     Gourm    .   (no shield)
rNeg     . . .     Faith    .   b - +0 animal skin
rPois    .         Spirit   .   u - +2 hat
rElec    .         Reflect  .   (no cloak)
rCorr    .         Harm     .   (no gloves)
MR       .....                  (no boots)
Stlth    +.........             (no amulet)
HPRegen  0.19/turn              (no ring)
MPRegen  0.10/turn              (no ring)

@: no status effects
A: retaliatory headbutt, horns 2
a: Berserk, Trog's Hand, Renounce Religion


You were on level 5 of the Dungeon.
You worshipped Trog.
Trog was most pleased with you.
You were not hungry.

You visited 1 branch of the dungeon, and saw 5 of its levels.

You collected 310 gold pieces.

Inventory:

Hand Weapons
 a - a +0 mace (weapon)
Armour
 b - a +0 animal skin (worn)
 u - a +2 hat (worn)
Wands
 j - a wand of acid (9)
Scrolls
 f - 3 scrolls of teleportation
 g - 2 scrolls of enchant armour
 h - a scroll of blinking
 l - 2 scrolls of amnesia
 m - 2 scrolls of enchant weapon
 n - 2 scrolls of random uselessness {unknown}
 o - 2 scrolls of fog {unknown}
Potions
 e - a potion of ambrosia {unknown}
 i - a potion of haste {unknown}
 k - 2 potions of degeneration {unknown}
 p - a potion of heal wounds {unknown}
 q - 2 potions of brilliance {unknown}
 r - a potion of lignification {unknown}
 s - a potion of flight {unknown}
 t - a potion of might {unknown}
 v - a potion of agility {unknown}
 w - a potion of curing
Comestibles
 c - 9 rations
 d - 2 chunks of flesh


   Skills:
 - Level 3.9 Fighting
 + Level 9.9 Maces & Flails
 - Level 2.5 Armour
 - Level 2.2 Dodging


You had 6 spell levels left.
You didn't know any spells.
Your spell library was empty.

Dungeon Overview and Level Annotations

Branches:
Dungeon (5/15)
 Temple: D:4-7

Altars:
Fedhas
Kikubaaqudgha


Innate Abilities, Weirdness & Mutations

You reflexively headbutt those who attack you in melee.
You have a pair of horns on your head.


Message History

The centaur shoots an arrow.
The arrow hits you! The arrow burns you.
A worker ant zombie comes into view.
You see here an arrow.
You are too injured to fight recklessly!
You are too injured to fight recklessly!
You are too injured to fight recklessly!
The centaur shoots an arrow.
The arrow barely misses you.
You see here an arrow.
The centaur shoots an arrow.
The arrow closely misses you.
The crimson imp blinks!
The centaur shoots an arrow.
The arrow hits you! The arrow burns you.
You see here an arrow.
The centaur shoots an arrow.
The arrow hits you. The arrow burns you.
You see here an arrow.
The centaur shoots an arrow.
The arrow hits you!
* * * LOW HITPOINT WARNING * * *
The arrow burns you.
* * * LOW HITPOINT WARNING * * *
The centaur shoots an arrow.
The arrow hits you!
You die...

#+###.# ....... .......
....... ....... .......
.......##########
.......(c..((..@#
.......Z........+
.........$......########
####+##................#
#................#
#................#
#................#
#....(...........#
###+######.......#


You could see a centaur.

Vanquished Creatures
  Menkaure (D:4)
  A phantom (D:4)
  An ogre (D:4)
  A howler monkey (D:5)
  An orc priest (D:4)
  2 worker ants
  2 orc wizards (D:3)
  A howler monkey zombie (D:5)
  3 adders
  An adder skeleton (D:4)
  3 worms
  2 dart slugs (D:2)
  7 leopard geckos
  12 orcs
  5 bats
  8 giant cockroaches
  8 goblins
  8 hobgoblins
  11 jackals
  4 quokkas
  4 frilled lizards
  5 kobolds
  4 rats
95 creatures vanquished.

Notes
Turn   | Place    | Note
-------+----------+-------------------------------------------
     0 | D:1      | Mattoad the Minotaur Berserker began the quest for the Orb.
     0 | D:1      | Reached XP level 1. HP: 19/19 MP: 0/0
   215 | D:1      | Reached XP level 2. HP: 21/27 MP: 1/1
   215 | D:1      | Reached skill level 4 in Maces & Flails
   623 | D:2      | Reached XP level 3. HP: 27/33 MP: 2/2
   633 | D:2      | Reached ** piety under Trog
   809 | D:2      | Reached skill level 5 in Maces & Flails
  1192 | D:3      | Reached XP level 4. HP: 7/40 MP: 3/3
  1553 | D:3      | Reached skill level 6 in Maces & Flails
  1767 | D:3      | Reached *** piety under Trog
  1771 | D:3      | Reached XP level 5. HP: 46/46 MP: 4/4
  1811 | D:3      | Reached skill level 7 in Maces & Flails
  2359 | D:3      | Found an ancient bone altar of Kikubaaqudgha.
  2397 | D:3      | Found a blossoming altar of Fedhas.
  2690 | D:4      | Noticed Menkaure
  2700 | D:4      | Killed Menkaure
  2700 | D:4      | Reached skill level 8 in Maces & Flails
  2700 | D:4      | Reached XP level 6. HP: 52/52 MP: 5/5
  3258 | D:4      | Reached skill level 9 in Maces & Flails
  3672 | D:5      | Entered Level 5 of the Dungeon
  3684 | D:5      | Reached XP level 7. HP: 43/58 MP: 6/6
  3700 | D:5      | HP: 2/58 [orc/+0 trident (3)]
  4195 | D:5      | Shot with an arrow by a centaur

Levels and vault maps discovered:
D:1:      ncdulo_watergridlock, layout_basic
D:2:      layout_basic
D:3:      wad_river_or_something, layout_basic, marbit_many_paths, first_ration,
          corexii_shack, lemuel_tele_altar
D:4:      layout_loops_ring, minmay_pentangle, uniq_menkaure
D:5:      layout_gridville, minmay_temple_entry_junction_2, serial_shops,
          nicolae_shop_overgrown_old_shop, uniq_pikel, uniq_sigmund,
          uniq_crazy_yiuf_cottage, uniq_grinder

Skill      XL: |  1  2  3  4  5  6 |
---------------+-------------------+-----
Maces & Flails | 4 5 6 8 9 |  9.9
Fighting       | |  3.9
Armour         | |  2.5
Dodging        | |  2.2

Action                   |  1- 3 |  4- 6 |  7- 9 || total
-------------------------+-------+-------+-------++-------
Melee: Mace              |    67 |   104 |    17 ||   188
       Headbutt          |    15 |    11 |     2 ||    28
Invok: Berserk           |     1 |     4 |     2 ||     7
  Use: Potion            |       |     2 |       ||     2
       Scroll            |       |     6 |     1 ||     7
 Stab: Sleeping          |       |     1 |       ||     1
  Eat: Chunk             |     1 |     7 |       ||     8
       Ration            |       |     3 |       ||     3
Armor: Animal skin       |     9 |    14 |     3 ||    26
Dodge: Dodged            |    47 |    65 |    13 ||   125

Table legend:
 A = Non-vault XP
 B = Vault XP
 C = Vault XP percentage of total XP
 D = Non-vault monster count
 E = Vault monster count
 F = Vault count percentage of total count
                 A         B        C        D         E       F
            +---------+---------+-------+---------+---------+-------
      Total |     581 |     321 |  35.6 |      80 |      15 |  15.8
            +---------+---------+-------+---------+---------+-------
        D:1 |      21 |       0 |   0.0 |      14 |       0 |   0.0
        D:2 |      68 |       0 |   0.0 |      23 |       0 |   0.0
        D:3 |     157 |      16 |   9.2 |      27 |      10 |  27.0
        D:4 |     222 |     305 |  57.9 |       9 |       5 |  35.7
        D:5 |     113 |       0 |   0.0 |       7 |       0 |   0.0
            +---------+---------+-------+---------+---------+-------
